 Dungeon Crawl Stone Soup version 0.28.0-1-gb440e238dd (webtiles) character file.

Game seed: 10651806277956360835

3742 Cykl0x the Geomancer (level 10, 0/52 HPs)
             Began as a Gargoyle Earth Elementalist on Feb 24, 2022.
             Was a Priest of Vehumet.
             Slain by a wyvern (13 damage)
             ... on level 8 of the Dungeon.
             The game lasted 00:19:05 (10094 turns).

Cykl0x the Geomancer (Gargoyle Earth Elementalist) Turns: 10094, Time: 00:19:05

Health: 0/52       AC: 21    Str: 13    XL:     10   Next: 15%
Magic:  0/21       EV: 10    Int: 19    God:    Vehumet [***...]
Gold:   208        SH:  3    Dex: 10    Spells: 16/24 levels left

rFire   . . .      SeeInvis .   i - +0 falchion
rCold   . . .      Faith    .   o - +0 buckler
rNeg    + . .      Spirit   .   A - +0 ring mail
rPois   ∞          Reflect  .   v - +0 helmet
rElec   +          Harm     .   y - +2 cloak
rCorr   .          Rampage  .   a - +2 pair of gloves
Will    .....                   j - +0 pair of boots {Stlth+}
Stlth   ++........              (no amulet)
HPRegen 0.17/turn               (no ring)
MPRegen 0.17/turn               (no ring)

@: no status effects
A: sickness immunity, AC +7, negative energy resistance 1, electricity
resistance, torment resistance 1, petrification resistance
a: Renounce Religion


You were on level 8 of the Dungeon.
You worshipped Vehumet.
Vehumet was most pleased with you.
You visited 2 branches of the dungeon, and saw 9 of its levels.
You also visited: Ossuary.

You collected 290 gold pieces.
You spent 82 gold pieces at shops.

Inventory:

Hand Weapons
 h - a +0 dagger
 i - a +0 falchion (weapon)
 m - a +1 dagger of flaming
 w - the +6 short sword "Iworang" {drain, Contam rElec rN+ rCorr}
   (You found it on level 5 of the Dungeon)

   A truly terrible weapon, it drains the life of any living foe it strikes.
   rElec:     It insulates you from electricity.
   rN:        It protects you from negative energy.
   Contam:    It causes magical contamination when unequipped.
   rCorr:     It protects you from acid and corrosion.
Missiles
 c - 100 stones
Armour
 a - a +2 pair of gloves (worn)
 d - a +0 leather armour
 j - a +0 pair of boots of stealth (worn)
 o - a +0 buckler (worn)
 v - a +0 helmet (worn)
 x - a +0 cloak
 y - a +2 cloak (worn)
 A - a +0 ring mail (worn)
Magical Staves
 e - a staff of earth
Wands
 g - a wand of mindburst (3)
 q - a wand of polymorph (7)
 D - a wand of acid (5)
Scrolls
 r - a scroll of immolation
 z - a scroll of magic mapping
Potions
 b - 3 potions of ambrosia
 f - 4 potions of mutation
 l - 3 potions of flight
 n - a potion of resistance {unknown}
 p - 5 potions of curing {unknown}
 s - 3 potions of might {unknown}
 t - a potion of haste {unknown}
 B - a potion of lignification {unknown}
 C - 2 potions of degeneration {unknown}


   Skills:
 + Level 1.2 Fighting
 + Level 2.7 Long Blades
 + Level 3.2 Armour
 + Level 2.3 Dodging
 - Level 2.1 Stealth
 + Level 1.0 Shields
 + Level 0.4 Unarmed Combat
 + Level 7.7 Spellcasting
 + Level 8.0 Conjurations
 - Level 0.7 Transmutations
 + Level 0.9 Fire Magic
 + Level 9.3 Earth Magic


You had 16 spell levels left.
You knew the following spells:

 Your Spells              Type           Power      Damage    Failure   Level
a - Sandblast             Erth           84%        2d18      1%          1
b - Stone Arrow           Conj/Erth      80%        3d12      1%          3
c - Foxfire               Conj/Fire      96%        2x1d8     1%          1
d - Mephitic Cloud        Conj/Pois/Air  17%        N/A       7%          3

Your spell library contained the following spells:

 Spells                   Type           Power      Damage    Failure   Level
 Passwall                 Tmut/Erth      21%        N/A       4%          2
 Petrify                  Tmut/Erth      26%        N/A       32%         4
 Confusing Touch          Hex            7%         N/A       61%         3
 Yara's Violent Unravell  Hex/Tmut       4%         3d4       80%         5
 Enfeeble                 Hex            3%         N/A       100%        7


Dungeon Overview and Level Annotations

Branches:
Dungeon (8/15)             Temple (1/1) D:4         Ossuary (visited)
   Lair: D:8-11

Altars:
Ashenzari
Cheibriados
Dithmenos
Elyvilon
Gozag
Hepliaklqana
Kikubaaqudgha
Makhleb
Nemelex Xobeh
Okawaru
Ru
Sif Muna
Trog
Uskayaw
Vehumet
Xom
Yredelemnul
Zin

Shops:
D:3 [   D:4 =   D:6 ?


Innate Abilities, Weirdness & Mutations

You are immune to sickness and miasma.
Your stone body is resilient. (AC +7)
You are immune to poison.
You resist negative energy. (rN+)
You are resistant to electric shocks. (rElec)
You are resistant to unholy torment.
You are immune to petrification.


Message History

c - 100 stones You are covered in liquid flames!
* * * LOW HITPOINT WARNING * * *
The wight hits you but does no damage.
The wyvern bites you but does no damage.
The gnoll closely misses you.
Your Armour skill increases to level 3!
Your Shields skill increases to level 1!
Your Conjurations skill increases to level 8!
You feel much better.
You are covered in liquid flames!
The wyvern bites you! The wight hits you but does no damage.
The gnoll hits you but does no damage. You block the wyvern's attack.
You are covered in liquid flames!
The wight hits you but does no damage.
A gnoll comes into view. It is wielding a +0 halberd.
The gnoll hits you but does no damage.
You are covered in liquid flames!
You block the gnoll's attack. The wyvern barely misses you.
The wyvern barely misses you. The wight hits you but does no damage.
The wyvern bites you but does no damage.
Things that are here:
a +5 great sword; a +0 robe The wyvern bites you but does no damage.
A gnoll comes into view.
It is wielding a +1 halberd of protection.
The gnoll hits you but does no damage.
The gnoll hits you from afar with a +0 halberd.
* * * LOW HITPOINT WARNING * * *
The wyvern bites you but does no damage.
Casting: Sandblast (safe; 1% risk of failure)
Confirm with . or Enter, or press ? or * to list all spells.
Aiming: Stone Arrow (safe; 1% risk of failure)
Press: ? - help, Shift-Dir - straight line, f - wyvern
Aim: a wyvern (76% to hit)
The stone arrow hits the wyvern!
The wyvern is heavily wounded.
The gnoll shouts!
The wyvern bites you!
You die...

##........###...#####
.........###....##..#
.........).....##...#
.........)...###....#
.....g...z....#....##
...............#....### #.
........#.#..gg.....#..#.##
...#.......###..l....#.#..#..#
...#...##..# #..@....#.......##
........##.###.........###....#
.......................# ##...#
..##..................######..#
..#...#................##.....#
......................###...###
.........#..........##.......#
........###..##......#.....###
##.......#####..##...#..####


You could see a wyvern, a wight and 3 gnolls.

Vanquished Creatures
  A deep elf pyromancer (D:8)
  An unseen horror (D:7)
  A wraith (Ossuary)
  Menkaure (D:4)
  Duvessa (D:6)
  A sky beast (D:7)
  An orc warrior (D:6)
  An ice beast (D:6)
  An ogre (D:7)
  A hornet zombie (D:7)
  2 phantoms
  A bullfrog (D:6)
  A wyvern zombie (D:6)
  4 scorpions
  2 wyvern skeletons
  Dowan (D:6)
  A water moccasin skeleton (D:6)
  6 wights
  2 centaur zombies (D:5)
  2 jellies
  5 hounds
  A bullfrog skeleton (D:5)
  2 centaur skeletons
  An orc priest (D:6)
  2 iguanas
  Crazy Yiuf (D:5)
  4 orc wizards
  A hound zombie (D:5)
  A mummy (Ossuary)
  A hound skeleton (D:4)
  Robin (D:4)
  9 adders
  3 gnolls (D:4)
  A howler monkey skeleton (D:7)
  An ufetubus (D:4)
  2 worms
  4 dart slugs
  16 orcs
  8 ball pythons
  4 bats
  7 endoplasms
  3 giant cockroaches
  13 goblins
  11 hobgoblins
  6 jackals
  3 kobolds
  6 quokkas
  A frilled lizard (D:3)
  3 gnoll skeletons (Ossuary)
  11 kobold skeletons (Ossuary)
  11 orc skeletons (Ossuary)
  6 rats
181 creatures vanquished.

Vanquished Creatures (collateral kills)
  A manticore (D:8)
  An adder (D:4)
  A dart slug (D:4)
3 creatures vanquished.

Vanquished Creatures (others)
  51 foxfires
  A plant (D:1)
52 creatures vanquished.

Grand Total: 236 creatures vanquished

Notes
Turn   | Place    | Note
-------+----------+-------------------------------------------
     0 | D:1      | Cykl0x the Gargoyle Earth Elementalist began the quest for
                  | the Orb.
     0 | D:1      | Reached XP level 1. HP: 10/10 MP: 3/3
   207 | D:1      | Reached XP level 2. HP: 15/15 MP: 3/5
   246 | D:1      | Reached skill level 4 in Earth Magic
   384 | D:1      | Found a faded altar of an unknown god.
   430 | D:1      | You fall into a shaft and drop 1 floor!
   865 | D:2      | Reached skill level 1 in Conjurations
   865 | D:2      | Reached XP level 3. HP: 19/19 MP: 4/6
   874 | D:2      | Learned a level 3 spell: Stone Arrow
  1296 | D:2      | Reached XP level 4. HP: 17/24 MP: 0/8
  2943 | D:3      | Found Arireifim's Armour Shoppe.
  3093 | D:3      | Reached XP level 5. HP: 28/28 MP: 1/9
  3392 | D:3      | Reached skill level 5 in Earth Magic
  3729 | D:4      | Found a staircase to the Ecumenical Temple.
  3735 | Temple   | Entered the Ecumenical Temple
  3808 | Temple   | Became a worshipper of Vehumet
  3886 | D:4      | Found a sand-covered staircase.
  3905 | Ossuary  | Entered an ossuary
  3905 | Ossuary  | Noticed a wraith
  3905 | Ossuary  | Noticed a wraith
  3905 | Ossuary  | Noticed a wraith
  4302 | Ossuary  | Noticed a wraith
  4313 | Ossuary  | Killed a wraith
  4314 | Ossuary  | Reached XP level 6. HP: 17/32 MP: 0/11
  4781 | Ossuary  | Reached * piety under Vehumet
  4781 | Ossuary  | Offered knowledge of Foxfire by Vehumet.
  4784 | Ossuary  | Learned a level 1 spell: Foxfire
  4997 | D:4      | Noticed Robin
  5026 | D:4      | Killed Robin
  5355 | D:4      | Reached skill level 1 in Long Blades
  5355 | D:4      | Reached skill level 6 in Earth Magic
  5355 | D:4      | Reached XP level 7. HP: 37/37 MP: 6/13
  5628 | D:4      | Noticed Menkaure
  5645 | D:4      | Killed Menkaure
  5757 | D:4      | Found Noel's Jewellery Shop.
  5763 | D:4      | Reached ** piety under Vehumet
  5957 | D:5      | Entered Level 5 of the Dungeon
  6055 | D:5      | Offered knowledge of Searing Ray by Vehumet.
  6214 | D:5      | Identified the +6 short sword "Iworang" {drain, Contam
                  | rElec rN+ rCorr}
  6232 | D:5      | Found a runed translucent door.
  6254 | D:5      | Noticed Crazy Yiuf
  6258 | D:5      | Killed Crazy Yiuf
  6354 | D:5      | Reached skill level 5 in Conjurations
  6354 | D:5      | Reached XP level 8. HP: 42/42 MP: 8/15
  6704 | D:5      | Reached skill level 5 in Spellcasting
  7198 | D:6      | Reached skill level 7 in Earth Magic
  7545 | D:6      | Reached skill level 1 in Armour
  7629 | D:6      | Found a broken altar of Ashenzari.
  7630 | D:6      | Found a shimmering blue altar of Sif Muna.
  7647 | D:6      | Found a sparkling altar of Nemelex Xobeh.
  7763 | D:6      | Found Sousm's Magic Scroll Emporium.
  7766 | D:6      | Bought a scroll of magic mapping for 38 gold pieces
  7766 | D:6      | Bought a scroll of identify for 22 gold pieces
  7766 | D:6      | Bought a scroll of identify for 22 gold pieces
  7810 | D:6      | Reached XP level 9. HP: 46/46 MP: 9/18
  7816 | D:6      | Offered knowledge of Mephitic Cloud by Vehumet.
  8218 | D:6      | Noticed Duvessa
  8218 | D:6      | Noticed Dowan
  8223 | D:6      | Killed Duvessa
  8224 | D:6      | Killed Dowan
  8526 | D:7      | Reached skill level 8 in Earth Magic
  8709 | D:7      | Reached skill level 1 in Fighting
  8787 | D:7      | Reached *** piety under Vehumet
  9246 | D:7      | Killed an unseen horror
  9585 | D:7      | Learned a level 3 spell: Mephitic Cloud
 10039 | D:8      | Noticed a manticore
 10053 | D:8      | Killed a manticore
 10054 | D:8      | Reached XP level 10. HP: 44/52 MP: 11/21
 10059 | D:8      | Reached skill level 9 in Earth Magic
 10063 | D:8      | Noticed a deep elf pyromancer
 10081 | D:8      | Killed a deep elf pyromancer
 10082 | D:8      | Reached skill level 1 in Shields
 10094 | D:8      | Slain by a wyvern

Illustrated notes

Levels and vault maps discovered:
D:1:      dpeg_arrival_tiny_g, layout_rooms, nicolae_ecumenical_snake_handling,
          chequers_big_river
D:2:      layout_basic
D:3:      minmay_skewed_foursquare, layout_loops_corners, serial_shops,
          nicolae_shop_hallway_stairs, grunt_ministairs_2, st_stairs_12
D:4:      layout_loops_ring, temple_statues, enter_ossuary_3,
          chequers_serial_rivers_small_a, kennysheep_small_square,
          uniq_menkaure, uniq_robin
D:5:      layout_rooms, hangedman_decor_diamond_cutter, minmay_crossroads,
          uniq_crazy_yiuf_cottage
D:6:      layout_loops_ring, grunt_temple_overflow_open, serial_shops,
          kennysheep_mini, minivault_27, grunt_decor_arrowhead, uniq_duvessa
D:7:      layout_basic
D:8:      layout_cave_pools, general_overflow_altar
Temple:   nicolae_temple_elliptical

Skill      XL: |  1  2  3  4  5  6  7  8  9 10 |
---------------+-------------------------------+-----
Earth Magic    | 4 5 6 7 8 9 |  9.3
Conjurations   | 1 2 3 5 6 7 8 |  8.0
Spellcasting   | 3 4 6 7 |  7.7
Long Blades    | 1 2 |  2.7
Armour         | 1 2 3 |  3.2
Dodging        | 2 |  2.3
Fighting       | 1 |  1.2
Shields        | 1 |  1.0
Stealth        | |  2.1
Unarmed Combat | |  0.4
Transmutations | |  0.7
Fire Magic     | |  0.9

Action                   |  1- 3 |  4- 6 |  7- 9 | 10-12 || total
-------------------------+-------+-------+-------+-------++-------
Melee: Falchion          |     1 |    38 |    47 |     6 ||    92
       Unarmed           |       |     4 |       |       ||     4
 Cast: Sandblast         |    20 |    33 |     3 |     2 ||    58
       Stone Arrow       |    10 |    51 |   118 |     6 ||   185
       Foxfire           |       |    14 |    14 |       ||    28
  Use: Scroll            |       |     8 |     7 |       ||    15
       Potion            |       |       |       |     1 ||     1
Armor: Robe              |     1 |    24 |     6 |       ||    31
       Skin              |       |     1 |       |       ||     1
       Leather armour    |       |       |    38 |       ||    38
       Ring mail         |       |       |       |    19 ||    19
Dodge: Dodged            |    10 |    22 |    24 |     6 ||    62
Block: Buckler           |       |       |     9 |     3 ||    12
